 Dungeon Crawl Stone Soup version 0.26.0-45-g9c1d065592 (webtiles) character file.

Game seed: 13348759816376101483

(classic levelgen) 122 thiole the Sneak (level 5, -1/34 HPs)
             Began as an Octopode Venom Mage on Jan 29, 2021.
             Killed from afar by an orc wizard (11 damage)
             ... with a magic dart
             ... on level 3 of the Dungeon.
             The game lasted 00:04:20 (2575 turns).

thiole the Sneak (Octopode Venom Mage)              Turns: 2575, Time: 00:04:21

Health: -1/34      AC:  1    Str:  7    XL:     5   Next: 6%
Magic:  0/8        EV: 13    Int: 19    God:
Gold:   98         SH:  0    Dex: 12    Spells: 1/8 levels left

rFire    . . .     SeeInvis .   d - +0 short sword (speed)
rCold    . . .     Faith    .   (no shield)
rNeg     + . .     Spirit   .   (helmet restricted)
rPois    .         Reflect  .   (no amulet)
rElec    .         Harm     .   f - ring of positive energy
rCorr    .         Rampage  .   (no ring)
Will     .....                  (no ring)
Stlth    ++++......             (no ring)
HPRegen  0.11/turn              (no ring)
MPRegen  0.11/turn              (no ring)
                                (no ring)
                                (no ring)

@: slowed, very slow
A: almost no armour, stealthy swim, amphibious, 8 rings, constrict 8, camouflage
1, gelatinous body 1
a: no special abilities


You were on level 3 of the Dungeon.
You visited 1 branch of the dungeon, and saw 3 of its levels.

You collected 98 gold pieces.

Inventory:

Hand Weapons
 d - a +0 short sword of speed (weapon)
Jewellery
 f - a ring of positive energy (left tentacle)
Scrolls
 a - 6 scrolls of identify {unknown}
 c - a scroll of remove curse {unknown}
 h - a scroll of teleportation {unknown}
 j - a scroll of enchant armour {unknown}
Potions
 b - 2 potions of curing {unknown}
 e - a potion of might {unknown}
 g - a potion of flight {unknown}
 i - a potion of degeneration {unknown}
 k - 2 potions of cancellation {unknown}


   Skills:
 - Level 2.0 Fighting
 - Level 2.0 Dodging
 - Level 5.0 Stealth
 - Level 2.0 Spellcasting
 - Level 1.0 Transmutations
 - Level 2.0 Fire Magic
 + Level 0.6 Air Magic
 - Level 4.0 Poison Magic


You had one spell level left.
You knew the following spells:

 Your Spells              Type           Power        Failure   Level
a - Sting                 Tmut/Pois      44%          6%          1
b - Mephitic Cloud        Conj/Pois/Air  7%           26%         3
c - Ignite Poison         Fire/Tmut/Pois 10%          19%         3

Your spell library contained the following spells:

 Spells                   Type           Power        Failure   Level
 Poisonous Vapours        Pois/Air       20%          10%         2
 Olgreb's Toxic Radiance  Pois           17%          32%         4


Dungeon Overview and Level Annotations

Branches:
Dungeon (3/15)

Altars:
Trog
Wu Jian


Innate Abilities, Weirdness & Mutations

You cannot wear most types of armour.
You are very stealthy in the water. (Stealth+)
You are amphibious.
You can wear up to eight rings at the same time.
You can use your tentacles to constrict eight enemies at once.
Your skin changes colour to match your surroundings (Stealth+).
Your rubbery body absorbs attacks. (AC +1, EV +1)


Message History

Casting: Sting (safe; 6% risk of failure)
Confirm with . or Enter, or press ? or * to list all spells.
Aiming: Sting (safe; 6% risk of failure)
Press: ? - help, Shift-Dir - straight line, f - orc wizard
Aim: an orc wizard, wielding a +0 dagger and wearing a +0 robe (36% to evade)
The sting hits the orc wizard.
The orc wizard is poisoned.
The orc wizard is lightly wounded.
The orc wizard barely misses you.
You closely miss the orc wizard. Your grab misses the orc wizard.
The orc wizard is moderately wounded.
The orc wizard mumbles some strange words.
The orc wizard seems to speed up.
You barely miss the orc wizard. You grab the orc wizard.
You squeeze the orc wizard, but do no damage.
The orc wizard is moderately wounded.
You constrict the orc wizard, but do no damage.
The orc wizard closely misses you.
The orc wizard points at you and mumbles some strange words.
The magic dart hits you!
You die...

.... ... ..# #..# ... #.#
..# #.# #.# #.# #.# #.#
####.###.###.####.##
.....o.)..........<#
##.!..##..##..###....(....
##.. #)o###.# #.######..
#. #..# #@# #.# # ##..#
#o# #.# #..!###.###.#
#...o..[....#
#.#####.##### #. #.# #.
#.# #. #.# #.#


You could see an orc wizard (fast, poisoned).

Vanquished Creatures
  2 orc priests (D:3)
  4 worms (D:2)
  2 dart slugs
  An orc (D:3)
  3 giant cockroaches
  4 goblins
  9 hobgoblins
  7 jackals
  A quokka (D:2)
  A ball python (D:2)
  2 frilled lizards (D:2)
  4 kobolds
  7 rats
47 creatures vanquished.

Notes
Turn   | Place    | Note
-------+----------+-------------------------------------------
     0 | D:1      | thiole the Octopode Venom Mage began the quest for the Orb.
     0 | D:1      | Reached XP level 1. HP: 11/11 MP: 3/3
   306 | D:1      | Reached skill level 3 in Stealth
   306 | D:1      | Reached XP level 2. HP: 18/18 MP: 1/5
   411 | D:1      | Reached skill level 1 in Fighting
   564 | D:1      | You fall into a shaft and drop 1 floor!
  1082 | D:2      | Reached XP level 3. HP: 17/24 MP: 6/6
  1178 | D:2      | Noticed a moth of wrath
  1180 | D:2      | Found a bloodstained altar of Trog.
  1470 | D:2      | Found an ornate altar of the Wu Jian Council.
  1594 | D:2      | Reached skill level 4 in Stealth
  2010 | D:2      | Found a faded altar of an unknown god.
  2197 | D:1      | Reached XP level 4. HP: 29/29 MP: 5/7
  2523 | D:3      | Learned a level 3 spell: Mephitic Cloud
  2527 | D:3      | Learned a level 3 spell: Ignite Poison
  2549 | D:3      | Reached skill level 5 in Stealth
  2549 | D:3      | Reached skill level 1 in Fire Magic
  2569 | D:3      | Reached XP level 5. HP: 9/34 MP: 0/8
  2575 | D:3      | Killed from afar by an orc wizard

Illustrated notes

Levels and vault maps discovered:
D:1:      lightli_arrival_boilingwater, layout_basic
D:2:      layout_loops_corners, nicolae_overflow_crystal_walls,
          chequers_ecumenical_altar_lobes, corexii_item_surrounded_by_moat,
          chequers_serial_rivers_large_a, hangedman_decor_peaks_small,
          grunt_ministairs_5, tgw_trog
D:3:      layout_loops_ring

Skill      XL: |  1  2  3  4 |
---------------+-------------+-----
Poison Magic   | 4 |  4.0
Stealth        | 3 4 5 |  5.0
Fighting       | 2 |  2.0
Fire Magic     | 2 |  2.0
Dodging        | |  2.0
Spellcasting   | |  2.0
Transmutations | |  1.0
Air Magic      | |  0.6

Action                   |  1- 3 |  4- 6 || total
-------------------------+-------+-------++-------
Melee: Unarmed           |    23 |       ||    23
       Constrict         |    19 |     3 ||    22
       Short sword       |    51 |    14 ||    65
       Tentacles         |    11 |     3 ||    14
 Cast: Sting             |    27 |    17 ||    44
 Stab: Sleeping          |    11 |       ||    11
Dodge: Dodged            |    42 |     5 ||    47
